 Dungeon Sprint DCSS version 0.27-a0-1502-g47ed6a6988 (webtiles) character file.

Game seed: 3227531920639760976

5096737 mhtbhm the Minotaur Barricade (level 22, 209/209 HPs)
             Began as a Minotaur Fighter on July 7, 2021.
             Was the Champion of Okawaru.
             Escaped with the Orb
             ... and 3 runes on July 8, 2021!
             The game lasted 00:56:46 (12808 turns).

mhtbhm the Minotaur Barricade (Minotaur Fighter)   Turns: 12808, Time: 00:56:47

Health: 209/209    AC: 51    Str: 25    XL:     22   Next: 79%
Magic:  51/51      EV: 16    Int: 11    God:    Okawaru [******]
Gold:   217        SH: 40    Dex: 13    Spells: 66/74 levels left

rFire    + + .     SeeInvis +   u - +9 broad axe of Irocw {vamp, rN+ rCorr Int+4}
rCold    + + .     Faith    .   c - +8 tower shield {reflect}
rNeg     + . .     Spirit   .   A - +14 gold dragon scales
rPois    +         Reflect  +   x - +2 hat {SInv}
rElec    +         Harm     .   o - +2 cloak {rCorr}
rCorr    +         Rampage  +   q - +4 pair of gloves
Will     +++++     NoTele   +   t - +2 pair of boots {rampage}
Stlth    ..........             N - amulet of Edi Tuze {Reflect Will+++ Regen+ Str-2 Dex-2 SH+5}
HPRegen  1.44/turn              j - ring of the Glimmering Augurer {rC+ Will+ rCorr Dex+3 Slay+3}
MPRegen  0.32/turn              L - ring "Lum Yhe" {rElec rF+ rCorr}

@: studying 2 skills
A: horns 2, retaliatory headbutt, claws 2, clever 1, deformed body, frail 1,
weak 1, no potion heal 1
0: Orb of Zot
}: 3/3 runes: silver, golden, iron
a: Renounce Religion, Heroism, Finesse


You escaped.
You worshipped Okawaru.
Okawaru was exalted by your worship.
You visited 1 branch You collected 217 gold pieces.

Inventory:

Hand Weapons
 n - a +4 eudemon blade of holy wrath
 r - the +8 war axe of Currency {drain, rN+ rCorr}
   (You found it in the Dungeon)

   A truly terrible weapon, it drains the life of those it strikes.
   rN:        It protects you from negative energy.
   rCorr:     It protects you from acid and corrosion.
 u - the +9 broad axe of Irocw (weapon) {vamp, rN+ rCorr Int+4}
   (You found it in the Dungeon)

   It inflicts no extra harm, but heals its wielder when it wounds a living foe.
   Int:       It affects your intelligence (+4).
   rN:        It protects you from negative energy.
   rCorr:     It protects you from acid and corrosion.
 Q - the +8 frozen axe "Frostbite" {freezing cloud, *Noise Fly rC+}
   (You found it in the Dungeon)

   It has been specially enchanted to freeze those struck by it, causing extra
   injury to most foes and up to half again as much damage against particularly
   susceptible opponents.
   It can also slow down cold-blooded creatures.
   rC:        It protects you from cold.
   Fly:       It grants you flight.
   *Noise:    It may make noises in combat.
Missiles
 a - 4 silver javelins
 g - 2 throwing nets
 E - 5 curare-tipped darts
Armour
 c - a +8 tower shield of reflection (worn)
 o - a +2 cloak of preservation (worn)
 q - a +4 pair of gloves (worn)
 t - a +2 pair of boots of rampaging (worn)
 x - a +2 hat of see invisible (worn)
 A - +14 gold dragon scales (worn)
Jewellery
 j - the ring of the Glimmering Augurer (left hand) {rC+ Will+ rCorr Dex+3 Slay+3}
   (You took it off a naga in the Dungeon)

   [ring of resist corrosion]

   Dex:       It affects your dexterity (+3).
   Slay:      It affects your accuracy & damage with ranged weapons and melee
   (+3).
   rC:        It protects you from cold.
   rCorr:     It protects you from acid and corrosion.
   Will:      It increases your willpower.
 I - the ring "Riomoq" {rN+ Str+4 Slay+3}
   (You found it in the Dungeon)

   [ring of positive energy]

   Str:       It affects your strength (+4).
   Slay:      It affects your accuracy & damage with ranged weapons and melee
   (+3).
   rN:        It protects you from negative energy.
 K - the ring of the Castellan {rF+ rCorr Dex+6 Stlth+}
   (You found it in the Dungeon)

   [ring of dexterity]

   Dex:       It affects your dexterity (+6).
   rF:        It protects you from fire.
   rCorr:     It protects you from acid and corrosion.
   Stlth:     It makes you more stealthy.
 L - the ring "Lum Yhe" (right hand) {rElec rF+ rCorr}
   (You found it in the Dungeon)

   [ring of protection from fire]

   rF:        It protects you from fire.
   rElec:     It insulates you from electricity.
   rCorr:     It protects you from acid and corrosion.
 N - the amulet of Edi Tuze (around neck) {Reflect Will+++ Regen+ Str-2 Dex-2 SH+5}
   (You found it in the Dungeon)

   [amulet of reflection]

   It reflects blocked missile attacks.
   Str:       It affects your strength (-2).
   Dex:       It affects your dexterity (-2).
   Regen:     It increases your rate of health regeneration.
   SH:        It affects your SH (+5).
   Will:      It greatly increases your willpower.
 W - the ring of Gosuv {rCorr Str+3 Stlth+}
   (You found it in the Dungeon)

   [ring of resist corrosion]

   Str:       It affects your strength (+3).
   rCorr:     It protects you from acid and corrosion.
   Stlth:     It makes you more stealthy.
 X - the amulet "Ammyary" {Reflect +Inv SH+5}
   (You found it in the Dungeon)

   [amulet of reflection]

   It reflects blocked missile attacks.
   +Inv:      It lets you turn invisible.
   SH:        It affects your SH (+5).
 Y - the ring of the Thirteen Suns {rF+ rN++ Will- AC+4 Str+4}
   (You found it in the Dungeon)

   [ring of protection]

   AC:        It affects your AC (+4).
   Str:       It affects your strength (+4).
   rF:        It protects you from fire.
   rN:        It greatly protects you from negative energy.
   Will:      It decreases your willpower.
Wands
 b - a wand of digging (5)
 F - a wand of mindburst (2)
 Z - a wand of iceblast (8)
Scrolls
 l - 5 scrolls of amnesia
 v - 3 scrolls of fear
 w - 8 scrolls of identify
 y - 4 scrolls of fog
 z - a scroll of enchant armour
 B - 2 scrolls of blinking
Potions
 d - 6 potions of might
 f - a potion of cancellation
 h - 9 potions of magic
 i - 3 potions of berserk rage
 k - a potion of invisibility
 p - 3 potions of resistance
 H - 14 potions of heal wounds
 M - 6 potions of haste
 P - 8 potions of curing
 S - 2 potions of brilliance
 T - 3 potions of mutation
Miscellaneous
 e - the horn of Geryon
 m - a phantom mirror (quivered)
 G - a box of beasts
 O - a tin of tremorstones (2/2)


   Skills:
 O Level 27 Fighting
 - Level 3.1(3.7) Short Blades
 + Level 3.3(4.0) Long Blades
 O Level 27 Axes
 O Level 27 Maces & Flails
 - Level 3.2(19.0) Polearms
 - Level 3.3(19.0) Staves
 - Level 3.0(9.6) Slings
 - Level 4.4 Bows
 - Level 3.1 Crossbows
 + Level 12.7(12.8) Throwing
 O Level 27 Armour
 O Level 27 Dodging
 - Level 8.2 Stealth
 O Level 27 Shields
 - Level 3.1 Unarmed Combat
 * Level 26.6 Spellcasting
 - Level 3.0 Conjurations
 - Level 1.8 Hexes
 + Level 23.7 Summonings
 - Level 2.0 Necromancy
 - Level 3.0 Translocations
 - Level 3.4 Transmutations
 - Level 3.0 Fire Magic
 - Level 3.0 Ice Magic
 - Level 3.0 Air Magic
 - Level 3.4 Earth Magic
 - Level 3.0 Poison Magic
 O Level 27 Invocations
 O Level 27 Evocations


You had 66 spell levels left.
You knew the following spells:

 Your Spells              Type           Power      Damage    Failure   Level
a - Summon Horrible Thin  Summ           30%        N/A       6%          8

Your spell library contained the following spells:

 Spells                   Type           Power      Damage    Failure   Level
 Summon Small Mammal      Summ           100%       N/A       0%          1
 Call Canine Familiar     Summ           61%        N/A       0%          3
 Summon Guardian Golem    Hex/Summ       42%        N/A       1%          3
 Animate Armour           Summ/Erth      88%        N/A       1%          4
 Summon Ice Beast         Ice/Summ       44%        N/A       1%          4
 Summon Lightning Spire   Summ/Air       44%        N/A       1%          4
 Summon Forest            Summ/Tloc      22%        N/A       1%          5
 Monstrous Menagerie      Summ           30%        N/A       1%          7
 Summon Hydra             Summ           30%        N/A       1%          7
 Summon Mana Viper        Hex/Summ       42%        N/A       2%          5
 Beastly Appendage        Tmut           44%        N/A       4%          1
 Magic Dart               Conj           84%        1d7       4%          1
 Shock                    Conj/Air       84%        1d8       4%          1
 Wereblood                Tmut           22%        N/A       6%          2
 Poisonous Vapours        Pois/Air       42%        N/A       7%          2
 Searing Ray              Conj           42%        3d4       7%          2
 Spider Form              Tmut/Pois      10%        N/A       13%         3
 Mephitic Cloud           Conj/Pois/Air  21%        N/A       14%         3
 Ozocubu's Armour         Ice            21%        N/A       14%         3
 Swiftness                Air            21%        N/A       14%         3
 Teleport Other           Tloc           21%        N/A       14%         3
 Inner Flame              Hex/Fire       20%        N/A       19%         3
 Portal Projectile        Hex/Tloc       40%        N/A       19%         3
 Petrify                  Tmut/Erth      22%        N/A       38%         4
 Airstrike                Air            10%        N/A       43%         4
 Hailstorm                Conj/Ice       21%        3d6       43%         4
 Leda's Liquefaction      Hex/Erth       10%        N/A       50%         4
 Malign Gateway           Summ/Tloc      22%        N/A       50%         7
 Spellforged Servitor     Conj/Summ      22%        N/A       50%         7
 Haunt                    Necr/Summ      21%        N/A       56%         7
 Cause Fear               Hex            9%         N/A       58%         4
 Blade Hands              Tmut           11%        N/A       75%         5
 Alistair's Intoxication  Tmut/Pois      14%        N/A       77%         5
 Freezing Cloud           Conj/Ice/Air   10%        6-21      78%         5
 Borgnjor's Vile Clutch   Necr/Erth      10%        N/A       83%         5
 Conjure Ball Lightning   Conj/Air       10%        3x3d6     100%        6
 Eringya's Noxious Bog    Tmut/Pois      10%        N/A       100%        6
 Iron Shot                Conj/Erth      10%        9d3       100%        6
 Orb of Destruction       Conj           10%        9d5       100%        7
 Ozocubu's Refrigeration  Ice            10%        4d7       100%        7
 Storm Form               Tmut/Air       10%        N/A       100%        7
 Borgnjor's Revivificati  Necr           9%         N/A       100%        8
 Discord                  Hex            9%         N/A       100%        8
 Disjunction              Tloc           10%        N/A       100%        8
 Maxwell's Capacitive Co  Air            10%        ∞         100%        8
 Necromutation            Tmut/Necr      10%        N/A       100%        8
 Chain Lightning          Conj/Air       10%        3d14      100%        9
 Death's Door             Necr           9%         N/A       100%        9
 Polar Vortex             Ice            10%        N/A       100%        9


Dungeon Overview and Level Annotations

Branches:
Dungeon (1/1)

Altars:
Ashenzari
Cheibriados
Dithmenos
Elyvilon
Fedhas
Gozag
Hepliaklqana
Kikubaaqudgha
Makhleb
Nemelex Xobeh
Okawaru
Qazlal
Ru
Sif Muna
Trog
Uskayaw
Vehumet
Wu Jian
Xom
Yredelemnul
Zin
The Shining One
Beogh
Jiyva
Lugonu


Innate Abilities, Weirdness & Mutations

You have a pair of horns on your head.
You reflexively headbutt those who attack you in melee.
You have very sharp fingernails.
Your mind is acute. (Int +2)
Armour fits poorly on your strangely shaped body.
You are frail. (-10% HP)
You are weak. (Str -2)
Potions are less effective at restoring your health.


Message History

You feel yourself speed up.
There is a huge open gate leading to the Armoury (Hard) here.
There is a huge open gate to the Main Hall (Safe) here.
Your extra speed is starting to run out.
There is a huge open gate here.
There is a huge open gate leading to the Armoury (Hard) here.
You feel yourself slow down.
There is an open door to the Storerooms (Easy) here.
Your hands slow down.
A Hell Sentinel comes into view.
There is an open door to the Storerooms (Easy) here.
The Hell Sentinel roars!
You slice the Hell Sentinel!!
The Hell Sentinel is moderately wounded.
The Hell Sentinel completely misses you.
You furiously retaliate!
You headbutt the Hell Sentinel, but do no damage.
You block the Hell Sentinel's attack.
You slice the Hell Sentinel!!
The Hell Sentinel is moderately wounded.
You hit the Hell Sentinel.
You headbutt the Hell Sentinel, but do no damage.
The Hell Sentinel is heavily wounded.
You block the Hell Sentinel's attack. x2
You open the Hell Sentinel like a pillowcase!!!
You headbutt the Hell Sentinel, but do no damage.
The Hell Sentinel is severely wounded.
You block the Hell Sentinel's attack. x2
You hit the Hell Sentinel but do no damage.
The Hell Sentinel is severely wounded.
You slice the Hell Sentinel!!
The Hell Sentinel is almost dead.
The Hell Sentinel gestures at you.
Your +8 tower shield of reflection reflects the iron shot!
The iron shot hits the Hell Sentinel!!
You kill the Hell Sentinel!
Okawaru accepts your kill.
There is an open door to the Entrance Hall (Safe) here.
There is a staircase leading out of the dungeon here.
You have escaped!

##########.##................''..
#...........'................''..
#'#####'#####......#..#......##.[
#.#.....#[.##.........)......##..
#.#.....#)[#####'#####['#########
#.###'###))##.......##''#########
#.#.....#))##.......##..[)......#
#.#.....#..##.......##......)...+
#.####'##'###...@...##..#####...#
#.#........##.......##..'...#....
#)#........##.......##..#...#....
#'###########.......##..#...#.###
#.......#..###########..#####.'..
#.###...#.############...)....#..
#.#.....#)#....#...[##..).....#..
#.#...#.#)#....#..[.###'###...#..
#.....#.#)'....'..))##))).'...#(#


There were no monsters in sight!

Vanquished Creatures
  Asmodeus (D)
  Dissolution (D)
  Tiamat (D)
  Dispater (D)
  4 ancient liches (D)
  2 orbs of fire (D)
  Mara (D)
  Mennas (D)
  6 royal mummies (D)
  Boris (D)
  Margery (D)
  Frederick (D)
  5 pandemonium lords (D)
  3 Killer Klowns (D)
  A golden dragon (D)
  Nikola (D)
  4 curse toes (D)
  Geryon (D)
  Jory (D)
  2 profane servitors (D)
  2 pearl dragons (D)
  3 bone dragons (D)
  2 Brimstone Fiends (D)
  A Tzitzimitl (D)
  3 electric golems (D)
  3 tentacled monstrosities (D)
  26 Orb Guardians (D)
  3 Ice Fiends (D)
  A hellephant (D)
  7 liches (D)
  8 Hell Sentinels (D)
  3 deep elf master archers (D)
  15 titans (D)
  A quicksilver dragon (D)
  A deep elf blademaster (D)
  Murray (D)
  An Executioner (D)
  3 shadow dragons (D)
  2 sphinxes (D)
  2 nagarajas (D)
  3 storm dragons (D)
  4 draconian knights (D)
  15 fire giants (D)
  3 daevas (D)
  4 deep elf sorcerers (D)
  A rockslime (D)
  11 frost giants (D)
  2 orc warlords (D)
  3 iron dragons (D)
  Louise (D)
  A balrug (D)
  2 draconian scorchers (D)
  4 ghouls (D)
  A ghost moth (D)
  2 draconian stormcallers (D)
  2 angels (D)
  A draconian annihilator (D)
  2 draconian shifters (D)
  3 cacodemons (D)
  16 stone giants (D)
  2 spriggan defenders (D)
  2 reapers (D)
  6 vampire knights (D)
  2 deep elf annihilators (D)
  4 yellow draconians (D)
  3 apis (D)
  2 lorocyprocas (D)
  7 green draconians (D)
  A dire elephant (D)
  6 purple draconians (D)
  3 deep elf demonologists (D)
  Azrael (D)
  3 black draconians (D)
  A minotaur (D)
  5 red draconians (D)
  6 white draconians (D)
  A mummy priest (D)
  2 deep elf death magi (D)
  A green death (D)
  2 blizzard demons (D)
  14 ettins (D)
  A merfolk impaler (D)
  A great orb of eyes (D)
  2 deep elf high priests (D)
  3 ice dragons (D)
  5 naga warriors (D)
  A hydra (D)
  2 vault guards (D)
  A rakshasa (D)
  A spriggan air mage (D)
  3 hell beasts (D)
  A merfolk avatar (D)
  A death knight (D)
  A boulder beetle (D)
  A catoblepas (D)
  2 dancing weapons (D)
  A merfolk aquamancer (D)
  2 death yaks (D)
  An iron elemental (D)
  6 vampire magi (D)
  3 hell knights (D)
  Sonja (D)
  A sun demon (D)
  Nergalle (D)
  4 soul eaters (D)
  3 spriggan berserkers (D)
  A sixfirhy (D)
  2 deep elf knights (D)
  A fire crab (shapeshifter) (D)
  2 shadow wraiths (D)
  3 spriggan druids (D)
  12 skeletal warriors (D)
  A cherub (D)
  2 deep trolls (D)
  An iron troll (D)
  3 sea snakes (D)
  3 wizards (D)
  A bog body (D)
  9 flayed ghosts (D)
  A necromancer (D)
  12 orc knights (D)
  2 ugly things (D)
  A salamander (D)
  15 cyclopes (D)
  An eye of devastation (D)
  A black mamba (D)
  A guardian serpent (D)
  A rust devil (D)
  14 elephants (D)
  An eye of devastation (shapeshifter) (D)
  A smoke demon (D)
  2 naga magi (D)
  An orange demon (D)
  A rime drake (D)
  A cane toad (D)
  A tormentor (D)
  4 kobold demonologists (D)
  4 yaktaurs (D)
  2 guardian mummies (D)
  3 ice devils (D)
  A freezing wraith (D)
  A komodo dragon (D)
  2 hellwings (D)
  2 red devils (D)
  A troll (D)
  2 wandering mushrooms (D)
  6 merfolk (D)
  A jumping spider (D)
  A troll (shapeshifter) (D)
  4 blink frogs (D)
  A hornet (D)
  2 flying skulls (D)
  A wyvern (D)
  3 vampires (D)
  2 water elementals (D)
  2 wraiths (D)
  2 fire elementals (D)
  A golden eye (D)
  A steam dragon (D)
  3 vampire mosquitoes (D)
  2 neqoxecs (D)
  A chaos spawn (D)
  3 nagas (D)
  A warg (D)
  A large abomination (D)
  2 hell hounds (D)
  An acid dragon (D)
  A water moccasin (D)
  A floating eye (D)
  A floating eye (shapeshifter) (D)
  3 orc warriors (D)
  2 centaurs (D)
  An ogre (D)
  11 wolves (D)
  2 kobold brigands (D)
  An earth elemental (D)
  5 scorpions (D)
  4 killer bees (D)
  2 small abominations (D)
  A gnoll shaman (D)
  5 orc priests (D)
  An iron imp (D)
  An orc wizard (D)
  6 gnolls (D)
  An adder (D)
  A river rat (D)
  A white imp (D)
  An ufetubus (D)
  An adder zombie (D)
  An adder simulacrum (D)
  13 orcs (D)
  4 bats (D)
  2 bat skeletons (D)
  An endoplasm (D)
  2 giant cockroaches (D)
  A hobgoblin (D)
  A jackal (D)
  2 kobolds (D)
  2 quokkas (D)
  2 ball python simulacra (D)
  3 ball python skeletons (D)
  2 ball python zombies (D)
  A frilled lizard (D)
  A giant cockroach simulacrum (D)
  A goblin (D)
  2 jackal simulacra (D)
  2 jackal zombies (D)
  A quokka skeleton (D)
  2 quokka zombies (D)
591 creatures vanquished.

Vanquished Creatures (collateral kills)
  A deep elf knight (D)
  An orc knight (D)
  A moth of wrath (D)
  A giant cockroach simulacrum (D)
  A quokka simulacrum (D)
5 creatures vanquished.

Vanquished Creatures (others)
  A lich (D)
  An Orb Guardian (D)
  A frost giant (D)
  Nessos (D)
  A dire elephant (D)
5 creatures vanquished.

Grand Total: 601 creatures vanquished

Notes
Turn   | Place    | Note
-------+----------+-------------------------------------------
     0 | D        | mhtbhm the Minotaur Fighter began the quest for the Orb.
     0 | D        | Reached XP level 1. HP: 19/19 MP: 0/0
    14 | D        | Reached XP level 2. HP: 28/28 MP: 1/1
    45 | D        | Found a bloodstained altar of Trog.
    45 | D        | Found a shimmering blue altar of Sif Muna.
    45 | D        | Found a viscous altar of Jiyva.
    45 | D        | Found a hazy altar of Hepliaklqana.
    45 | D        | Found an opulent altar of Gozag.
    46 | D        | Found a glowing golden altar of the Shining One.
    46 | D        | Found a glowing silver altar of Zin.
    46 | D        | Found a basalt altar of Yredelemnul.
    46 | D        | Found a shimmering altar of Xom.
    46 | D        | Found an ornate altar of the Wu Jian Council.
    46 | D        | Found a sacrificial altar of Ru.
    46 | D        | Found a stormy altar of Qazlal.
    46 | D        | Found an iron altar of Okawaru.
    46 | D        | Found a sparkling altar of Nemelex Xobeh.
    46 | D        | Found a burning altar of Makhleb.
    46 | D        | Found a blossoming altar of Fedhas.
    46 | D        | Found a white marble altar of Elyvilon.
    46 | D        | Found a shadowy altar of Dithmenos.
    46 | D        | Found a snail-covered altar of Cheibriados.
    48 | D        | Found a radiant altar of Vehumet.
    48 | D        | Found a corrupted altar of Lugonu.
    56 | D        | Found an ancient bone altar of Kikubaaqudgha.
    56 | D        | Found a hide-covered altar of Uskayaw.
    56 | D        | Found a broken altar of Ashenzari.
    60 | D        | Became a worshipper of Warmaster Okawaru
    74 | D        | Noticed a scorpion
    78 | D        | Killed a scorpion
    79 | D        | Reached skill level 5 in Armour
    79 | D        | Reached XP level 3. HP: 32/37 MP: 2/2
   123 | D        | Noticed a floating eye
   123 | D        | Noticed a scorpion
   126 | D        | Paralysed by a floating eye for 3 turns
   130 | D        | Killed a floating eye
   130 | D        | Reached * piety under Okawaru
   131 | D        | Reached skill level 5 in Maces & Flails
   131 | D        | Reached XP level 4. HP: 48/48 MP: 3/3
   131 | D        | Reached XP level 5. HP: 53/53 MP: 4/4
   138 | D        | Reached skill level 1 in Dodging
   284 | D        | Reached XP level 6. HP: 63/63 MP: 5/5
   398 | D        | Noticed a warg
   406 | D        | Killed a warg
   407 | D        | Reached skill level 10 in Fighting
   420 | D        | Noticed a wyvern
   423 | D        | Killed a wyvern
   423 | D        | Reached ** piety under Okawaru
   424 | D        | Reached skill level 10 in Shields
   424 | D        | Reached XP level 7. HP: 49/73 MP: 6/6
   655 | D        | Reached skill level 10 in Armour
   662 | D        | Reached *** piety under Okawaru
   667 | D        | Reached skill level 10 in Maces & Flails
   684 | D        | Found the +6 Majin-Bo {vamp, MP+6 Int+6}
   911 | D        | Noticed a flayed ghost
   928 | D        | Killed a flayed ghost
   928 | D        | Reached **** piety under Okawaru
   929 | D        | Reached XP level 8. HP: 73/83 MP: 7/7
   975 | D        | Noticed a troll
   983 | D        | Killed a troll
   987 | D        | Noticed a sea snake
   993 | D        | Killed a sea snake
   993 | D        | Reached ***** piety under Okawaru
   994 | D        | Reached XP level 9. HP: 54/92 MP: 8/8
  1279 | D        | Noticed a guardian mummy
  1288 | D        | Killed a guardian mummy
  1288 | D        | Received a gift from Okawaru
  1300 | D        | Noticed a cane toad
  1307 | D        | Killed a cane toad
  1460 | D        | Noticed a black mamba
  1461 | D        | Noticed a jumping spider
  1476 | D        | Killed a jumping spider
  1485 | D        | Killed a black mamba
  1690 | D        | Noticed a cyclops
  1701 | D        | Killed a cyclops
  1707 | D        | Reached XP level 10. HP: 102/102 MP: 9/9
  1752 | D        | Noticed Azrael
  1752 | D        | Noticed a minotaur
  1771 | D        | Killed a minotaur
  1771 | D        | Received a gift from Okawaru
  1772 | D        | Reached skill level 15 in Shields
  1787 | D        | Noticed a smoke demon
  1795 | D        | Noticed an orc knight
  1800 | D        | Killed Azrael
  1801 | D        | Reached skill level 15 in Maces & Flails
  1820 | D        | Noticed a sea snake
  1822 | D        | Reached skill level 15 in Fighting
  1830 | D        | Killed a sea snake
  1831 | D        | Reached skill level 1 in Stealth
  1840 | D        | HP: 5/157 [orc knight (7)]
  1841 | D        | Killed an orc knight
  1841 | D        | Reached ****** piety under Okawaru
  1842 | D        | Reached XP level 11. HP: 5/112 MP: 10/10
  1998 | D        | Noticed a death yak
  2018 | D        | Killed a death yak
  2018 | D        | Received a gift from Okawaru
  2019 | D        | Reached skill level 5 in Dodging
  2019 | D        | Reached skill level 1 in Invocations
  2062 | D        | Noticed a sea snake
  2078 | D        | Killed a sea snake
  2500 | D        | Noticed a deep troll
  2512 | D        | Killed a deep troll
  2735 | D        | Noticed a flayed ghost
  2750 | D        | Killed a flayed ghost
  2750 | D        | Received a gift from Okawaru
  2751 | D        | Reached skill level 15 in Armour
  2940 | D        | Noticed a deep troll
  2940 | D        | Noticed a boulder beetle
  2960 | D        | Killed a deep troll
  2960 | D        | Killed a boulder beetle
  3145 | D        | Noticed a wizard
  3160 | D        | Killed a wizard
  3227 | D        | Noticed a merfolk aquamancer
  3230 | D        | Noticed Sonja
  3249 | D        | Killed a merfolk aquamancer
  3250 | D        | Reached XP level 12. HP: 65/125 MP: 11/11
  3257 | D        | Killed Sonja
  3606 | D        | Noticed a death yak
  3620 | D        | Killed a death yak
  3703 | D        | Noticed a six-headed hydra
  3703 | D        | Noticed a stone giant
  3714 | D        | Killed a six-headed hydra
  3718 | D        | Noticed a great orb of eyes
  3722 | D        | Killed a great orb of eyes
  3726 | D        | Killed a stone giant
  3727 | D        | Reached skill level 1 in Evocations
  4005 | D        | Noticed a nagaraja
  4009 | D        | Noticed a rakshasa
  4010 | D        | Noticed a purple draconian
  4027 | D        | Killed a purple draconian
  4027 | D        | Received a gift from Okawaru
  4030 | D        | Reached skill level 5 in Invocations
  4054 | D        | Killed a rakshasa
  4060 | D        | Killed a nagaraja
  4077 | D        | Identified the ring of the Glimmering Augurer {rC+ Will+
                  | rCorr Dex+3 Slay+3}
  4098 | D        | Reached XP level 13. HP: 42/136 MP: 17/17
  4286 | D        | Gained mutation: You are clumsy. (Dex -2) [a neqoxec]
  4497 | D        | Got the +6 plate armour of Shadows and Fog {Rampage rN+++
                  | Regen+ Int-5}
  4504 | D        | Got Ezuetsoe's Collected Works on Weightlessness and Battle
                  | Magic
  4603 | D        | Noticed a pearl dragon
  4622 | D        | Killed a pearl dragon
  4663 | D        | Noticed a golden dragon
  4679 | D        | Killed a golden dragon
  4679 | D        | Received a gift from Okawaru
  4705 | D        | Noticed a Hell Sentinel
  4730 | D        | Killed a Hell Sentinel
  4730 | D        | Received a gift from Okawaru
  4731 | D        | Reached skill level 1 in Throwing
  4731 | D        | Reached skill level 5 in Evocations
  4792 | D        | Noticed a Hell Sentinel
  4817 | D        | Killed a Hell Sentinel
  4818 | D        | Reached skill level 10 in Invocations
  4854 | D        | Noticed a Hell Sentinel
  4875 | D        | Killed a Hell Sentinel
  4952 | D        | Noticed an orc warlord
  4953 | D        | Noticed an orc warlord
  4955 | D        | Noticed Nergalle
  4966 | D        | Killed Nergalle
  4977 | D        | Received a gift from Okawaru
  4984 | D        | Killed an orc warlord
  4985 | D        | Reached XP level 14. HP: 149/149 MP: 14/21
  5012 | D        | Killed an orc warlord
  5111 | D        | Reached skill level 5 in Stealth
  5149 | D        | Got the +8 war axe of Currency {drain, rN+ rCorr}
  5256 | D        | Upgraded the game from 0.27-a0-1456-gf5a116941d to
                  | 0.27-a0-1500-g450c7e4133
  5384 | D        | Noticed a cacodemon
  5384 | D        | Noticed a purple draconian annihilator
  5384 | D        | Noticed a deep elf sorcerer
  5396 | D        | Killed a deep elf sorcerer
  5397 | D        | Killed a purple draconian annihilator
  5397 | D        | Received a gift from Okawaru
  5416 | D        | Killed a cacodemon
  5575 | D        | Noticed a purple draconian stormcaller
  5586 | D        | Killed a purple draconian stormcaller
  5603 | D        | Noticed a reaper
  5611 | D        | Killed a reaper
  5624 | D        | Noticed a titan
  5635 | D        | Killed a titan
  5635 | D        | Received a gift from Okawaru
  5740 | D        | Noticed Jory
  5756 | D        | Killed Jory
  5773 | D        | Noticed an Ice Fiend
  5783 | D        | Killed an Ice Fiend
  5784 | D        | Reached XP level 15. HP: 122/162 MP: 24/24
  5925 | D        | Noticed a ghost moth
  5934 | D        | Killed a ghost moth
  6050 | D        | Noticed Margery
  6069 | D        | Killed Margery
  6070 | D        | Reached skill level 10 in Dodging
  6140 | D        | Noticed an electric golem
  6155 | D        | Killed an electric golem
  6155 | D        | Received a gift from Okawaru
  6156 | D        | Reached skill level 15 in Invocations
  6184 | D        | Noticed Boris
  6198 | D        | Killed Boris
  6205 | D        | Noticed a royal mummy
  6217 | D        | Killed a royal mummy
  6351 | D        | Noticed a royal mummy
  6362 | D        | Killed a royal mummy
  6362 | D        | Received a gift from Okawaru
  6399 | D        | Noticed a Hell Sentinel
  6405 | D        | Killed a Hell Sentinel
  6496 | D        | Noticed a deep elf sorcerer
  6496 | D        | Noticed a lich
  6499 | D        | Noticed a royal mummy
  6503 | D        | Killed a lich
  6503 | D        | Received a gift from Okawaru
  6516 | D        | Killed a royal mummy
  6524 | D        | Killed a deep elf sorcerer
  6572 | D        | Noticed a quicksilver dragon
  6572 | D        | Noticed a Hell Sentinel
  6573 | D        | Noticed an electric golem
  6677 | D        | Killed a Hell Sentinel
  6677 | D        | Received a gift from Okawaru
  6678 | D        | Reached XP level 16. HP: 180/180 MP: 25/27
  6692 | D        | Killed a quicksilver dragon
  6725 | D        | Noticed an ancient lich
  6744 | D        | Killed an ancient lich
  6745 | D        | Reached skill level 27 in Shields
  6754 | D        | Killed an electric golem
  6944 | D        | Noticed a royal mummy
  6954 | D        | Killed a royal mummy
  7089 | D        | Noticed an orb of fire
  7090 | D        | Gained mutation: Armour fits poorly on your strangely
                  | shaped body. [an orb of fire]
  7106 | D        | Gained mutation: You have sharp fingernails. [an orb of
                  | fire]
  7125 | D        | Gained mutation: You have large cloven feet. [an orb of
                  | fire]
  7129 | D        | Killed an orb of fire
  7130 | D        | Reached skill level 27 in Fighting
  7131 | D        | Lost mutation: You have large cloven feet. [potion of
                  | mutation]
  7131 | D        | Lost mutation: You are clumsy. (Dex -2) [potion of
                  | mutation]
  7131 | D        | Gained mutation: You have very sharp fingernails. [potion
                  | of mutation]
  7131 | D        | Gained mutation: Your mind is acute. (Int +2) [potion of
                  | mutation]
  7151 | D        | Noticed a Hell Sentinel
  7151 | D        | Noticed Taxzyis the pandemonium lord
  7151 | D        | Noticed an electric golem
  7158 | D        | Killed a Hell Sentinel
  7171 | D        | Killed an electric golem
  7171 | D        | Received a gift from Okawaru
  7180 | D        | Killed Taxzyis the pandemonium lord
  7180 | D        | Identified the +7 mace of Bodily Humours {drain, +Rage}
                  | (Okawaru gifted it to you in the Dungeon)
  7180 | D        | Received a gift from Okawaru
  7189 | D        | Noticed an ancient lich
  7208 | D        | Killed an ancient lich
  7208 | D        | Received a gift from Okawaru
  7259 | D        | Noticed an Ice Fiend
  7267 | D        | Killed an Ice Fiend
  7300 | D        | Noticed Muzaqol the pandemonium lord
  7330 | D        | Killed Muzaqol the pandemonium lord
  7338 | D        | Reached XP level 17. HP: 84/191 MP: 26/30
  7359 | D        | Received a gift from Okawaru
  7640 | D        | Noticed a Brimstone Fiend
  7640 | D        | Noticed a curse toe
  7640 | D        | Noticed a tentacled monstrosity
  7648 | D        | Killed a tentacled monstrosity
  7655 | D        | Killed a Brimstone Fiend
  7656 | D        | Reached skill level 27 in Maces & Flails
  7663 | D        | Killed a curse toe
  7816 | D        | Found the +8 frozen axe "Frostbite" {freezing cloud, *Noise
                  | Fly rC+}
  7819 | D        | Got the ring "Vyonkezu" {rCorr Str+7 Int-3 Stlth+}
  7822 | D        | Got the ring "Rughonid" {rC+ rN+ Str-3 Int+8 Dex+4}
  7827 | D        | Got the ring of Vaerinal {rPois Str+2 Int+5 Stlth-}
  7829 | D        | Got the ring "Paphaedgh" {+Blink EV+4 Str+4}
  7832 | D        | Got the ring "Lum Yhe" {rElec rF+ rCorr}
  7836 | D        | Got the ring of Cupt {rElec Will- EV+4 Dex+3}
  7839 | D        | Got the ring of Ipraziy {rN+ Dex+8}
  7842 | D        | Got the ring "Lung" {+Blink rPois rN+ rCorr Int-3 Dex+3}
  7844 | D        | Got the ring of Fedhas's Condemnation {rElec rC+ rN+ Int+4
                  | Dex-2}
  7846 | D        | Got an iron rune of Zot
  7851 | D        | Got the amulet "Tuunus" {Faith +Blink rF++ Regen+ Stlth-}
  7960 | D        | Noticed an Ice Fiend
  7966 | D        | Killed an Ice Fiend
  7985 | D        | Noticed a hellephant
  7985 | D        | Noticed a lich
  7994 | D        | Killed a hellephant
  7994 | D        | Received a gift from Okawaru
  7999 | D        | Killed a lich
  8061 | D        | Noticed a curse toe
  8072 | D        | Killed a curse toe
  8073 | D        | Reached skill level 5 in Throwing
  8280 | D        | Noticed a Killer Klown
  8287 | D        | Killed a Killer Klown
  8420 | D        | Noticed a titan
  8433 | D        | Killed a titan
  8462 | D        | Noticed a titan
  8479 | D        | Killed a titan
  8480 | D        | Reached skill level 27 in Armour
  8480 | D        | Reached skill level 15 in Dodging
  8490 | D        | Received a gift from Okawaru
  8496 | D        | Noticed a curse toe
  8506 | D        | Noticed Mennas
  8549 | D        | Killed Mennas
  8549 | D        | Received a gift from Okawaru
  8555 | D        | Killed a curse toe
  8781 | D        | Identified the +0 pair of gloves of Skepticism {Will+}
                  | (Okawaru gifted it to you in the Dungeon)
  8781 | D        | Received a gift from Okawaru
  8878 | D        | Noticed a curse toe
  8896 | D        | Killed a curse toe
  8979 | D        | Noticed a deep elf master archer
  8982 | D        | Killed a deep elf master archer
  8983 | D        | Reached XP level 18. HP: 145/200 MP: 34/34
  8999 | D        | Reached skill level 27 in Invocations
  9083 | D        | Noticed Murray
  9116 | D        | Killed Murray
  9220 | D        | Got the +9 broad axe of Irocw {vamp, rN+ rCorr Int+4}
  9268 | D        | Noticed a bone dragon
  9292 | D        | Killed a bone dragon
  9302 | D        | Paralysed by a floating eye for 2 turns
  9306 | D        | Received a gift from Okawaru
  9307 | D        | Reached skill level 10 in Axes
  9328 | D        | Got the ring "Fikhlaj" {rElec rN+ Will- Dex+6}
  9330 | D        | Got the ring of Baaf {Ice SInv}
  9332 | D        | Got the amulet "Igiethrygu" {Faith Int+4 Dex-2 SInv}
  9334 | D        | Got the ring "Riomoq" {rN+ Str+4 Slay+3}
  9336 | D        | Got the ring of Ibihiuth {AC+4 Int+3}
  9338 | D        | Got the ring "Ruaduet" {Will- rCorr Str+5 Slay+3}
  9340 | D        | Got the ring of Sydy {rF+ rC+ rN+ Int+6}
  9342 | D        | Got the ring of Ziodell {+Blink rF+ rC- rCorr}
  9358 | D        | Noticed Lepy the pandemonium lord
  9375 | D        | Killed Lepy the pandemonium lord
  9375 | D        | Received a gift from Okawaru
  9376 | D        | Reached skill level 10 in Throwing
  9434 | D        | Reached skill level 15 in Axes
  9582 | D        | Noticed Nessos
  9590 | D        | Killed Nessos
  9591 | D        | Identified the +0 hand axe "Deycep" {vamp, Fragile rF- MP+9
                  | Dex+9} (Okawaru gifted it to you in the Dungeon)
  9591 | D        | Received a gift from Okawaru
  9611 | D        | Noticed a profane servitor
  9631 | D        | Killed a profane servitor
  9826 | D        | Reached skill level 1 in Spellcasting
  9839 | D        | Received a gift from Okawaru
  9872 | D        | Received a gift from Okawaru
  9982 | D        | Reached skill level 5 in Spellcasting
 10091 | D        | Reached skill level 10 in Evocations
 10091 | D        | Reached XP level 19. HP: 137/207 MP: 35/35
 10244 | D        | Learned a level 8 spell: Summon Horrible Things
 10269 | D        | Noticed a bone dragon
 10316 | D        | Received a gift from Okawaru
 10368 | D        | Killed a bone dragon
 10462 | D        | Received a gift from Okawaru
 10510 | D        | Received a gift from Okawaru
 10527 | D        | Received a gift from Okawaru
 10551 | D        | Got the Disquisition on the Unstable Frostbite
 10578 | D        | Got a silver rune of Zot
 10911 | D        | Noticed a Brimstone Fiend
 10922 | D        | Reached skill level 1 in Summonings
 10941 | D        | Reached skill level 27 in Axes
 10941 | D        | Reached skill level 10 in Spellcasting
 10967 | D        | Received a gift from Okawaru
 10973 | D        | Reached skill level 5 in Summonings
 10988 | D        | Identified the +1 pair of gloves "Zauniod" {rPois rF+
                  | Int+3} (Okawaru gifted it to you in the Dungeon)
 10988 | D        | Received a gift from Okawaru
 11025 | D        | Noticed Frederick
 11034 | D        | Killed Frederick
 11035 | D        | Reached skill level 15 in Evocations
 11053 | D        | Got the Volume of Cold and the Traveller
 11058 | D        | Got the Catalogue of Darkness
 11078 | D        | Got Tiphugg's Papyrus of Clay and Feathers
 11087 | D        | Got the Handbook of Translocation and the Escort
 11116 | D        | Got the amulet "Keddeps" {Spirit rElec rF+ Str+2}
 11118 | D        | Got the amulet of Dogma {-Cast rC+ Regen+ Slay+3}
 11121 | D        | Got the amulet of the Trilobite {Spirit Fly MP+9 Str+3
                  | Stlth-}
 11123 | D        | Got the amulet of Uliwn {Faith *Corrode Will+ MP+9 Str+9}
 11125 | D        | Got the amulet of the Hidden Seas {Faith MP-9 Int+7 Dex+4}
 11127 | D        | Got the amulet of Okawaru's Grace {RegenMP rPois rCorr}
 11140 | D        | Upgraded the game from 0.27-a0-1500-g450c7e4133 to
                  | 0.27-a0-1502-g47ed6a6988
 11169 | D        | Got the amulet of Kuinelut {RegenMP rPois rC- Will- Dex+6}
 11171 | D        | Got the amulet of Doubt {Faith rC+ Dex+3}
 11173 | D        | Got the ring of the Castellan {rF+ rCorr Dex+6 Stlth+}
 11176 | D        | Got the amulet of Edi Tuze {Reflect Will+++ Regen+ Str-2
                  | Dex-2 SH+5}
 11178 | D        | Got the amulet of Charity {RegenMP Int+2}
 11180 | D        | Got the ring of Gosuv {rCorr Str+3 Stlth+}
 11182 | D        | Got the amulet "Ammyary" {Reflect +Inv SH+5}
 11185 | D        | Got the ring of the Thirteen Suns {rF+ rN++ Will- AC+4
                  | Str+4}
 11351 | D        | Reached XP level 20. HP: 148/216 MP: 36/36
 11352 | D        | Reached skill level 10 in Summonings
 11356 | D        | Received a gift from Okawaru
 11358 | D        | Reached skill level 27 in Dodging
 11359 | D        | Reached skill level 15 in Spellcasting
 11360 | D        | Identified the +7 scimitar "Jont" {flame, rPois Int+2}
 11366 | D        | Reached skill level 15 in Summonings
 11413 | D        | Got the Almanac of the Birds
 11427 | D        | Got a golden rune of Zot
 11593 | D        | Noticed Geryon
 11593 | D        | Noticed a Killer Klown
 11598 | D        | Identified the +8 glaive "Noic" {speed, rPois Int+3}
                  | (Okawaru gifted it to you in the Dungeon)
 11598 | D        | Received a gift from Okawaru
 11627 | D        | Killed Geryon
 11634 | D        | Killed a Killer Klown
 11676 | D        | Reached XP level 21. HP: 224/224 MP: 41/41
 11683 | D        | Noticed Louise
 11695 | D        | Noticed an ancient lich
 11696 | D        | Noticed a profane servitor
 11702 | D        | Received a gift from Okawaru
 11711 | D        | Killed an ancient lich
 11712 | D        | Noticed Nikola
 11719 | D        | Received a gift from Okawaru
 11726 | D        | Killed Louise
 11727 | D        | Killed a profane servitor
 11734 | D        | Killed Nikola
 11969 | D        | Found the +7 sceptre of Asmodeus
 11969 | D        | Noticed Asmodeus
 11969 | D        | Noticed an orb of fire
 11969 | D        | Gained mutation: You are weak. (Str -2) [a cacodemon]
 11997 | D        | Gained mutation: You are frail. (-10% HP) [an orb of fire]
 11998 | D        | Killed an orb of fire
 11998 | D        | Received a gift from Okawaru
 11999 | D        | Found the +4 dragonskin cloak
 11999 | D        | Noticed Tiamat
 12043 | D        | Killed Asmodeus
 12044 | D        | Reached skill level 27 in Evocations
 12054 | D        | Received a gift from Okawaru
 12055 | D        | Reached skill level 1 in Bows
 12058 | D        | Killed Tiamat
 12059 | D        | Reached skill level 1 in Long Blades
 12059 | D        | Reached skill level 1 in Polearms
 12059 | D        | Reached skill level 1 in Staves
 12059 | D        | Reached skill level 1 in Slings
 12059 | D        | Reached skill level 1 in Crossbows
 12059 | D        | Reached skill level 1 in Conjurations
 12059 | D        | Reached skill level 1 in Transmutations
 12059 | D        | Reached skill level 1 in Fire Magic
 12059 | D        | Reached skill level 1 in Earth Magic
 12059 | D        | Reached skill level 1 in Poison Magic
 12065 | D        | Reached skill level 1 in Short Blades
 12065 | D        | Reached skill level 1 in Unarmed Combat
 12065 | D        | Reached skill level 1 in Translocations
 12065 | D        | Reached skill level 1 in Ice Magic
 12065 | D        | Reached skill level 1 in Air Magic
 12151 | D        | Found the +4 staff of Dispater
 12151 | D        | Noticed Dispater
 12156 | D        | Noticed Mara
 12162 | D        | Noticed mhtbhm's illusion
 12199 | D        | Killed Dispater
 12200 | D        | Reached skill level 1 in Hexes
 12200 | D        | Reached skill level 1 in Necromancy
 12200 | D        | Noticed mhtbhm's illusion
 12206 | D        | Noticed a Killer Klown
 12207 | D        | Reached XP level 22. HP: 209/209 MP: 43/46
 12215 | D        | Killed Mara
 12217 | D        | Received a gift from Okawaru
 12232 | D        | Killed a Killer Klown
 12259 | D        | Noticed Qiqu Fave the pandemonium lord
 12259 | D        | Noticed an ancient lich
 12262 | D        | Noticed a royal mummy
 12264 | D        | Noticed Dissolution
 12272 | D        | Killed Qiqu Fave the pandemonium lord
 12280 | D        | Killed a royal mummy
 12280 | D        | Received a gift from Okawaru
 12288 | D        | Killed an ancient lich
 12292 | D        | Paralysed by a floating eye for 2 turns
 12298 | D        | Killed Dissolution
 12521 | D        | Noticed a royal mummy
 12527 | D        | Gained mutation: Potions are less effective at restoring
                  | your health. [a cacodemon]
 12532 | D        | Received a gift from Okawaru
 12535 | D        | Killed a royal mummy
 12615 | D        | Got the Orb of Zot
 12629 | D        | Noticed Okaobb Sarum the pandemonium lord
 12663 | D        | Killed Okaobb Sarum the pandemonium lord
 12808 | D        | Escaped with the Orb!

Illustrated notes

Levels and vault maps discovered:
D:        pitsprint [storerooms_1, entrance_room_1, metal_vault_8, armoury_3,
          mini_pit_1, grid_room_1, main_hall_1, silver_pit, the_coven_1,
          the_vestibule_1, steel_vault_5, golden_pit, hallway_of_sentries,
          crystal_vault_4, iron_vault_2, final_vault]

Skill      XL: |  1  2  3  4  5  6  7  8  9 10 11 12 13 14 15 16 17 18 19 20 21 22 |
---------------+-------------------------------------------------------------------+-----
Fighting       | 4 6 8 9 10 12 13 15 17 18 20 22 25 27 | 27.0
Armour         | 4 5 7 8 9 10 11 13 14 15 16 17 18 20 23 27 | 27.0
Shields        | 4 6 7 8 10 11 12 14 17 19 21 23 24 26 27 | 27.0
Maces & Flails | 3 5 6 8 11 12 14 15 16 17 19 21 23 26 27 | 27.0
Dodging        | 1 2 4 6 7 9 10 12 16 23 25 27 | 27.0
Stealth        | 1 2 7 8 |  8.2
Invocations    | 1 7 11 14 17 20 26 27 | 27.0
Evocations     | 2 5 10 16 23 27 | 27.0
Throwing       | 1 2 7 11 12 | 12.7
Axes           | 21 27 | 27.0
Spellcasting   | 6 12 17 21 26 | 26.6
Summonings     | 9 16 21 23 | 23.7
Bows           | 2 4 |  4.4
Long Blades    | 2 3 |  3.3
Polearms       | 2 3 |  3.2
Staves         | 2 3 |  3.3
Slings         | 1 3 |  3.0
Crossbows      | 2 3 |  3.1
Conjurations   | 1 3 |  3.0
Transmutations | 2 3 |  3.4
Fire Magic     | 1 3 |  3.0
Earth Magic    | 2 3 |  3.4
Poison Magic   | 1 3 |  3.0
Short Blades   | 2 3 |  3.1
Unarmed Combat | 1 3 |  3.1
Translocations | 1 3 |  3.0
Ice Magic      | 1 3 |  3.0
Air Magic      | 1 3 |  3.0
Hexes          | 1 |  1.8
Necromancy     | 1 2 |  2.0

Action                   |  1- 3 |  4- 6 |  7- 9 | 10-12 | 13-15 | 16-18 | 19-21 | 22-24 || total
-------------------------+-------+-------+-------+-------+-------+-------+-------+-------++-------
Melee: Flail             |     1 |    30 |    66 |       |       |       |       |       ||    97
       Mace              |    12 |     7 |       |       |       |       |       |       ||    19
       Headbutt          |     3 |     9 |    17 |    90 |   176 |   241 |   186 |    24 ||   746
       Demon whip        |       |       |    46 |   380 |   291 |       |       |       ||   717
       Morningstar       |       |       |       |       |   188 |   751 |    11 |       ||   950
       Broad axe         |       |       |       |       |       |       |   524 |   139 ||   663
Throw: Dart              |       |       |       |     2 |     2 |     3 |       |       ||     7
 Cast: Summon Horrible T |       |       |       |       |       |       |       |     2 ||     2
Invok: Heroism           |       |       |       |     2 |     8 |     6 |     4 |     3 ||    23
       Finesse           |       |       |       |       |     2 |     5 |     3 |     1 ||    11
Evoke: Wand              |       |       |       |    12 |     1 |       |     1 |       ||    14
       Phantom mirror    |       |       |       |     1 |     4 |       |       |       ||     5
       Box of beasts     |       |       |       |     1 |     2 |       |       |       ||     3
       Tin of tremorston |       |       |       |       |       |       |    18 |       ||    18
  Use: Potion            |       |       |       |    20 |     7 |    13 |     2 |     4 ||    46
       Scroll            |       |       |       |     3 |     3 |     2 |    10 |       ||    18
 Stab: Invisible         |       |       |       |       |    12 |       |       |       ||    12
       Distracted        |       |       |       |       |     1 |       |       |       ||     1
Armor: Scale mail        |     4 |     2 |       |     9 |     5 |       |       |       ||    20
       Plate armour      |       |    13 |    19 |       |   113 |   280 |    47 |       ||   472
       Chain mail        |       |       |    25 |    84 |       |       |       |       ||   109
       Gold dragon scale |       |       |       |       |       |       |   148 |    39 ||   187
Dodge: Dodged            |     3 |     4 |    30 |   119 |    74 |   269 |   145 |    23 ||   667
Block: Kite shield       |     7 |    17 |    65 |   216 |   187 |   107 |       |       ||   599
       Tower shield      |       |       |       |       |       |   715 |   721 |   170 ||  1606
       Reflection        |       |       |       |       |       |    20 |    18 |     5 ||    43

Table legend: (Time is in decaauts) A = Elapsed time spent in this place. B = Non-inter-level travel time spent in this place. C = Inter-level travel time spent in this place. D = Time resting spent in this place. E = Time spent auto-exploring this place. F = Levels seen in this place. G = Mean time per level. A B C D E F G +--------+--------+--------+--------+--------+-----+--------+ Total | 11761 | 11741 | 20 | 5673 | 266 | 1 | 11761.0 | Dungeon | 11761 | 11741 | 20 | 5673 | 266 | 1 | 11761.0 | +--------+--------+--------+--------+--------+-----+--------+

Top non-repeatable levels by time:
       D: 11761 daAuts
